 Dungeon Crawl Stone Soup version 0.32-a0-131-g9dbbe29261 (webtiles) character file.

Game seed: 14445218868110229031

128 Esekla the Covert (level 5, 0/36 HPs)
             Began as an Octopode Delver on Feb 8, 2024.
             Slain by an iguana (9 damage)
             ... on level 5 of the Dungeon.
             The game lasted 00:01:52 (100 turns).

Esekla the Covert (Octopode Delver)                  Turns: 100, Time: 00:01:53

Health: 0/36       AC:  1    Str: 11    XL:     5   Next: 11%
Magic:  5/5        EV: 13    Int: 14    God:
Gold:   0          SH:  0    Dex: 14    Spells: 5/5 levels left

rFire   . . .        a - +0 long sword
rCold   . . .        (no shield)
rNeg    . . .        (helmet restricted)
rPois   .            (no amulet)
rElec   .            (no ring)
rCorr   .            (no ring)
SInv    .            (no ring)
Will    .....        (no ring)
Stlth   +++++        (no ring)
HPRegen 0.26/turn    (no ring)
MPRegen 0.09/turn    (no ring)
                     (no ring)

%: no passive effects
@: mighty, hasted, very quick
A: almost no armour, amphibious, 8 rings, camouflage 1, gelatinous body 1,
(nimble swimmer 1), tentacles
a: no special abilities


You were on level 5 of the Dungeon.
You visited 1 branch of the dungeon, and saw 1 of its levels.

Inventory:

Hand Weapons
 a - a +0 long sword (weapon)
Wands
 f - a wand of digging (3)
 h - a wand of roots (9)
Scrolls
 b - a scroll of fog
 g - a scroll of blinking {unknown}


   Skills:
 * Level 3.6 Fighting
 + Level 2.3 Long Blades
 * Level 2.2 Dodging
 + Level 8.6 Stealth
 * Level 0.5 Spellcasting


You had 5 spell levels left.
You didn't know any spells.
Your spell library was empty.

Dungeon Overview and Level Annotations

Branches:
Dungeon (5/15)
 Temple: D:4-7

Altars:
Okawaru
Uskayaw
Wu Jian


Innate Abilities, Weirdness & Mutations

You cannot wear most types of armour.
You are amphibious.
You can wear up to eight rings at the same time.
Your skin changes colour to match your surroundings (Stealth+).
Your rubbery body absorbs attacks. (AC +1, EV +1)
((You are camouflaged when in or above water. (Stealth+)))
You have tentacles for arms and can constrict up to eight enemies at once.


Message History

You hit the orc priest. You grab the orc priest.
The orc priest is heavily wounded.
You constrict the orc priest. The orc priest closely misses you.
The orc priest calls upon Beogh to heal the orc priest.
The orc priest is healed somewhat.
The gnoll closely misses you.
You slash the orc priest! You squeeze the orc priest.
You kill the orc priest!
The howler monkey hoots and howls with incredible vigour!
The gnoll hits you from afar with a +0 halberd!
You hear a shout! x2
You barely miss the orc priest. You grab the orc priest.
You constrict the orc priest. The orc priest hits you with a +0 mace!
The howler monkey hoots and howls with incredible vigour!
You hit the orc priest.
The orc priest is moderately wounded.
You constrict the orc priest. The gnoll closely misses you.
The orc priest closely misses you.
You slash the orc priest!
You squeeze the orc priest, but do no damage.
The orc priest is almost dead.
You constrict the orc priest, but do no damage.
The gnoll hits you from afar with a +0 halberd.
* * * LOW HITPOINT WARNING * * *
You hit the orc priest. You squeeze the orc priest.
You kill the orc priest!
The gnoll barely misses you.
You have reached level 5!
You feel agile.
Okay, then.
It was a potion of might.
You feel very mighty all of a sudden. The iguana barely misses you.
The gnoll closely misses you.
You barely miss the iguana. You grab the iguana. You squeeze the iguana.
The iguana is lightly wounded.
You constrict the iguana. The iguana barely misses you. The gnoll misses you.
You slash the iguana! You tentacle-slap the iguana.
The iguana is almost dead.
You constrict the iguana, but do no damage.
The iguana bites you!
You die...

*,* *,* *,,,,,,,,,,,* *,* *,*
*,*,,,,,***,* #.* *,* *,**,,,**
*,* #.# *,* *,***,** *,* #.#
*,* *,* *,*****,*
##.#*********,* *,* *,,,,,*,*
....,,,,,,,**,* *,* *****,*,*
...#******,*#.#####,* ***,*,*
...#######.*#.hl@.#,* *,,,,,*
l...........g####)#,*****,*,*,*
##.#######.*,* #g#,,,,,,,,,,,*
#.# *,*,* #h#******,*,*,* #.#
*,*,** #g# *,,,,,,,* #.# *,...*
#)# *,******* ##.### **#..# #.#
*,* .....# #..# #.# *,* ###..#
#..# #.# *,*


You could see a howler monkey, an iguana, a hound and 3 gnolls.

Vanquished Creatures
  Blork the orc (D:5)
  2 orc priests (D:5)
  3 orcs (D:5)
6 creatures vanquished.

Notes
Turn   | Place    | Note
-------+----------+-------------------------------------------
     0 | D:5      | Esekla the Octopode Delver began the quest for the Orb.
     0 | D:5      | Reached XP level 1. HP: 16/16 MP: 1/1
     9 | D:5      | Noticed a phantom
    29 | D:5      | Noticed an ogre
    41 | D:5      | Noticed an iguana
    42 | D:5      | Noticed a hound
    54 | D:5      | Noticed a howler monkey
    58 | D:5      | Found an ornate altar of the Wu Jian Council.
    59 | D:5      | Found an iron altar of Okawaru.
    59 | D:5      | Found a hide-covered altar of Uskayaw.
    69 | D:5      | Noticed Blork the orc
    79 | D:5      | Killed Blork the orc
    80 | D:5      | Reached skill level 8 in Stealth
    80 | D:5      | Reached XP level 2. HP: 21/21 MP: 2/2
    80 | D:5      | Reached XP level 3. HP: 26/26 MP: 3/3
    80 | D:5      | Reached XP level 4. HP: 31/31 MP: 4/4
    98 | D:5      | Reached XP level 5. HP: 9/36 MP: 5/5
   100 | D:5      | Slain by an iguana

Illustrated notes

Levels and vault maps discovered:
D:5:      layout_loops_ring, makhleb_blood_cavern_becter,
          nicolae_kikubaaqudgha_miasma_corner,
          gammafunk_temple_overflow_forgotten, ebering_ghost_disaster_area,
          uniq_blork_the_orc, uniq_pikel

Skill      XL: |  1 |
---------------+----+-----
Stealth        | 8 |  8.6
Fighting       | |  3.6
Long Blades    | |  2.3
Dodging        | |  2.2
Spellcasting   | |  0.5

Action                     |  1- 3 |  4- 6 || total
---------------------------+-------+-------++-------
  Melee: Falchion          |     5 |       ||     5
         Tentacles         |     2 |     5 ||     7
         Constrict         |     1 |     4 ||     5
         Long sword        |       |    13 ||    13
         Punch             |       |     1 ||     1
    Use: Scroll            |     2 |       ||     2
         Potion            |     1 |     1 ||     2
 Armour: Skin              |       |     5 ||     5
  Dodge: Dodged            |     4 |    10 ||    14

Table legend: (Time is in decaauts)
 A = Elapsed time spent in this place.
 B = Non-inter-level travel time spent in this place.
 C = Inter-level travel time spent in this place.
 D = Time resting spent in this place.
 E = Time spent auto-exploring this place.
 F = Levels seen in this place.
 G = Mean time per level.
                   A        B        C        D        E       F      G
               +--------+--------+--------+--------+--------+-----+--------+
         Total |     92 |     92 |      0 |      0 |      0 |   1 |   92.0 |
       Dungeon |     92 |     92 |      0 |      0 |      0 |   1 |   92.0 |
               +--------+--------+--------+--------+--------+-----+--------+

Top non-repeatable levels by time:
     D:5: 92 daAuts
